General information
- name: BNet
- type: Ladder team game (AT/RT)
- host: Battle.net
- saver: BEAR_AND
map: Highperch
- players: 6
- length: 23:47
- speed: Fast
- version: 1.26 W3XP
- replay type:

» download(179 KB)
Players
team 1 (loser)

»
All-X (
teal | 43 APM | 1016 actions | 23:46)
3 Pandaren Brewmaster
2 Breath of Fire
1 Drunken Brawler
1 Shadow Hunter
1 Serpent Ward
» actions
| Basic commands | 107 | |
| Build / train | 40 | |
| ESC pressed | 2 | |
| Enter build submenu | 23 | |
| Enter hero's abilities submenu | 4 | |
| Right click | 449 | |
| Select / deselect | 331 | |
| Use ability | 60 | |
1016 total
» units
» upgrades
| Ranged Weapons | 3 | |
| Armor | 2 | |
| Burning Oil | 1 | |
| Reinforced Defenses | 1 | |
7 total
» buildings
| Orc Burrow | 4 | |
| Barracks | 2 | |
| Altar of Storms | 2 | |
| Stronghold | 1 | |
| War Mill | 1 | |
| Watch Tower | 11 | |
| Fortress | 1 | |
22 total
» build order
00:21 Orc Burrow
01:04 Barracks
01:22 Altar of Storms
01:34 Orc Burrow
02:49 Stronghold
03:55 War Mill
03:59 Orc Burrow
04:55 Barracks
05:50 Watch Tower
05:54 Watch Tower
07:36 Watch Tower
07:39 Watch Tower
09:49 Watch Tower
10:25 Fortress
11:36 Orc Burrow
14:14 Watch Tower
15:00 Watch Tower
15:56 Watch Tower
17:21 Watch Tower
19:11 Watch Tower
19:28 Watch Tower
23:37 Altar of Storms
» items
goregasmic (
orange | 122 APM | 2176 actions | 17:54)
2 Goblin Alchemist
1 Chemical Rage
1 Acid Bomb
1 Shadow Hunter
1 Hex
» actions
| Assign group hotkey | 96 | |
| Basic commands | 52 | |
| Build / train | 75 | |
| ESC pressed | 7 | |
| Enter build submenu | 21 | |
| Enter hero's abilities submenu | 3 | |
| Give item / drop item | 2 | |
| Right click | 851 | |
| Select / deselect | 225 | |
| Select group hotkey | 750 | |
| Use ability | 94 | |
2176 total
» units
| Peon | 18 | |
| Grunt | 11 | |
| Kodo Beast | 1 | |
| Troll Batrider | 14 | |
44 total
» upgrades
| Berserker Strength | 1 | |
| Armor | 1 | |
| Liquid Fire | 1 | |
3 total
» buildings
| Barracks | 2 | |
| Orc Burrow | 4 | |
| Altar of Storms | 1 | |
| Voodoo Lounge | 1 | |
| Stronghold | 1 | |
| War Mill | 1 | |
| Beastiary | 2 | |
| Fortress | 1 | |
| Great Hall | 1 | |
| Watch Tower | 2 | |
16 total
» build order
00:16 Barracks
00:34 Orc Burrow
01:09 Altar of Storms
01:21 Orc Burrow
02:47 Voodoo Lounge
03:17 Stronghold
04:18 Barracks
04:47 Orc Burrow
04:50 War Mill
07:21 Beastiary
08:33 Fortress
10:10 Great Hall
10:35 Beastiary
11:43 Orc Burrow
11:47 Watch Tower
11:47 Watch Tower
» items
| Healing Salve | 5 | |
| Lesser Clarity Potion | 4 | |
| Scroll of Speed | 3 | |
| Dust of Appearance | 1 | |
| Orb of Lightning | 1 | |
| Potion of Lesser Invulnerability | 1 | |
| Staff of Teleportation | 1 | |
16 total

»
WolframandHart (
green | 42 APM | 889 actions | 21:04)
2 Archmage
1 Summon Water Elemental
1 Brilliance Aura
1 Blood Mage
1 Flame Strike
» actions
| Assign group hotkey | 14 | |
| Basic commands | 3 | |
| Build / train | 64 | |
| Enter build submenu | 27 | |
| Enter hero's abilities submenu | 3 | |
| Remove unit from queue | 4 | |
| Right click | 476 | |
| Select / deselect | 235 | |
| Select group hotkey | 1 | |
| Use ability | 62 | |
889 total
» units
| Peasant | 8 | |
| Footman | 11 | |
| Mortar Team | 5 | |
| Rifleman | 6 | |
30 total
» upgrades
| Masonry | 3 | |
| Lumber Harvesting | 2 | |
| Gunpowder | 1 | |
| Armor | 2 | |
| Magic Sentry | 1 | |
9 total
» buildings
| Altar of Kings | 2 | |
| Barracks | 1 | |
| Farm | 6 | |
| Lumber Mill | 1 | |
| Arcane Vault | 1 | |
| Scout Tower | 10 | |
| Guard Tower | 3 | |
| Keep | 1 | |
| Arcane Tower | 4 | |
| Blacksmith | 1 | |
| Castle | 1 | |
| Workshop | 2 | |
| Arcane Sanctum | 1 | |
| Town Hall | 1 | |
35 total
» build order
00:10 Altar of Kings
00:18 Barracks
01:13 Farm
01:21 Farm
02:47 Lumber Mill
03:50 Arcane Vault
03:56 Scout Tower
04:05 Farm
04:33 Guard Tower
04:35 Scout Tower
05:02 Farm
05:49 Guard Tower
06:00 Keep
06:24 Scout Tower
07:34 Arcane Tower
08:15 Blacksmith
08:56 Castle
09:07 Farm
09:11 Farm
10:07 Workshop
10:17 Workshop
11:34 Arcane Sanctum
12:30 Scout Tower
13:48 Scout Tower
13:51 Scout Tower
14:21 Arcane Tower
14:39 Scout Tower
14:44 Scout Tower
15:16 Arcane Tower
15:19 Scout Tower
15:54 Arcane Tower
15:56 Scout Tower
17:46 Guard Tower
19:51 Town Hall
19:56 Altar of Kings
» items
| Periapt of Vitality | 1 | |
| Lesser Clarity Potion | 2 | |
| Scroll of Regeneration | 4 | |
| Scroll of Town Portal | 3 | |
10 total
team 2 (winner)
AlasPoorHoratio (
red | 111 APM | 2628 actions | 23:46)
5 Warden
3 Shadow Strike
2 Blink
» actions
| Assign group hotkey | 5 | |
| Basic commands | 26 | |
| Build / train | 61 | |
| Enter build submenu | 19 | |
| Enter hero's abilities submenu | 5 | |
| Give item / drop item | 1 | |
| Right click | 1781 | |
| Select / deselect | 209 | |
| Select group hotkey | 450 | |
| Use ability | 69 | |
2628 total
» units
» upgrades
| Ultravision | 1 | |
| Nature's Blessing | 1 | |
| Well Spring | 1 | |
3 total
» buildings
| Altar of Elders | 2 | |
| Moon Well | 14 | |
| Tree of Life | 1 | |
| Tree of Ages | 2 | |
| Hunter's Hall | 1 | |
| Tree of Eternity | 1 | |
| Ancient of Wonders | 1 | |
22 total
» build order
00:04 Altar of Elders
00:18 Moon Well
01:42 Moon Well
03:30 Tree of Life
06:26 Moon Well
06:27 Moon Well
08:43 Moon Well
10:00 Moon Well
10:09 Tree of Ages
10:10 Tree of Ages
11:34 Moon Well
11:38 Hunter's Hall
12:25 Moon Well
12:25 Moon Well
14:40 Altar of Elders
14:53 Moon Well
15:44 Tree of Eternity
15:53 Ancient of Wonders
17:52 Moon Well
17:54 Moon Well
19:27 Moon Well
21:03 Moon Well
» items
| Boots of Speed | 1 | |
| Staff of Teleportation | 1 | |
| Healing Salve | 1 | |
| Orb of Venom | 1 | |
4 total
BEAR_AND (
yellow | 129 APM | 3079 actions | 23:47)
3 Archmage
2 Blizzard
1 Brilliance Aura
3 Blood Mage
2 Flame Strike
1 Banish
» actions
| Assign group hotkey | 10 | |
| Basic commands | 1 | |
| Build / train | 132 | |
| Enter build submenu | 65 | |
| Enter hero's abilities submenu | 6 | |
| Give item / drop item | 3 | |
| Remove unit from queue | 1 | |
| Right click | 2024 | |
| Select / deselect | 430 | |
| Select group hotkey | 207 | |
| Use ability | 200 | |
3079 total
» units
| Peasant | 19 | |
| Dragonhawk Rider | 10 | |
| Priest | 3 | |
32 total
» upgrades
| Masonry | 3 | |
| Lumber Harvesting | 0 | |
| Magic Sentry | 1 | |
| Priest Training | 1 | |
| Cloud | 1 | |
| Swords | 3 | |
| Armor | 2 | |
| Animal War Training | 1 | |
12 total
» buildings
| Altar of Kings | 1 | |
| Lumber Mill | 1 | |
| Scout Tower | 54 | |
| Arcane Tower | 5 | |
| Farm | 8 | |
| Guard Tower | 41 | |
| Keep | 1 | |
| Gryphon Aviary | 2 | |
| Castle | 1 | |
| Arcane Vault | 2 | |
| Town Hall | 1 | |
| Arcane Sanctum | 1 | |
| Blacksmith | 1 | |
| Barracks | 1 | |
120 total
» build order
00:23 Altar of Kings
00:38 Lumber Mill
00:44 Scout Tower
01:09 Scout Tower
01:18 Arcane Tower
01:31 Farm
01:40 Guard Tower
01:40 Guard Tower
01:43 Scout Tower
02:01 Scout Tower
02:08 Farm
02:19 Guard Tower
02:19 Guard Tower
02:19 Guard Tower
02:28 Scout Tower
02:30 Guard Tower
02:57 Guard Tower
02:58 Scout Tower
03:01 Scout Tower
03:30 Guard Tower
03:31 Guard Tower
03:39 Guard Tower
03:39 Guard Tower
03:41 Scout Tower
03:42 Scout Tower
03:45 Scout Tower
04:13 Guard Tower
04:16 Scout Tower
04:17 Scout Tower
04:18 Keep
04:36 Guard Tower
04:39 Scout Tower
04:48 Scout Tower
04:50 Scout Tower
04:52 Scout Tower
04:57 Scout Tower
04:58 Scout Tower
04:59 Scout Tower
05:00 Scout Tower
05:38 Guard Tower
05:40 Scout Tower
05:41 Scout Tower
05:42 Scout Tower
05:43 Scout Tower
05:44 Arcane Tower
06:18 Guard Tower
06:21 Guard Tower
06:22 Scout Tower
06:31 Arcane Tower
06:38 Guard Tower
07:00 Guard Tower
07:09 Farm
07:18 Scout Tower
07:18 Guard Tower
07:19 Scout Tower
07:20 Scout Tower
07:21 Scout Tower
07:21 Guard Tower
07:22 Guard Tower
08:01 Gryphon Aviary
08:04 Gryphon Aviary
08:14 Guard Tower
08:14 Guard Tower
08:39 Scout Tower
08:51 Guard Tower
09:12 Guard Tower
09:17 Castle
10:08 Arcane Vault
10:10 Arcane Vault
11:02 Scout Tower
12:10 Farm
12:11 Farm
12:11 Farm
12:17 Town Hall
12:24 Arcane Sanctum
12:32 Scout Tower
12:34 Scout Tower
13:07 Guard Tower
13:09 Scout Tower
13:10 Scout Tower
13:37 Arcane Tower
14:41 Scout Tower
14:41 Scout Tower
14:42 Scout Tower
15:42 Arcane Tower
15:43 Guard Tower
15:55 Scout Tower
16:42 Scout Tower
16:43 Scout Tower
16:51 Blacksmith
16:54 Barracks
16:55 Farm
16:55 Farm
17:47 Guard Tower
19:31 Scout Tower
19:32 Scout Tower
19:33 Scout Tower
19:34 Scout Tower
20:04 Guard Tower
20:09 Scout Tower
20:10 Scout Tower
20:10 Scout Tower
20:18 Guard Tower
20:25 Guard Tower
20:33 Scout Tower
20:33 Scout Tower
20:34 Scout Tower
20:34 Scout Tower
20:52 Guard Tower
20:52 Guard Tower
21:17 Guard Tower
21:43 Guard Tower
21:51 Scout Tower
22:36 Guard Tower
» items
| Boots of Speed | 2 | |
| Healing Salve | 6 | |
| Lesser Clarity Potion | 9 | |
| Staff of Sanctuary | 2 | |
| Scroll of Regeneration | 1 | |
| Potion of Mana | 1 | |
| Potion of Healing | 1 | |
22 total
TIMG4STRok (
pink | 106 APM | 2512 actions | 23:46)
6 Blademaster
2 Wind Walk
3 Critical Strike
1 Bladestorm
» actions
| Assign group hotkey | 10 | |
| Basic commands | 14 | |
| Build / train | 54 | |
| ESC pressed | 2 | |
| Enter build submenu | 88 | |
| Enter hero's abilities submenu | 7 | |
| Give item / drop item | 2 | |
| Right click | 1600 | |
| Select / deselect | 204 | |
| Select group hotkey | 374 | |
| Use ability | 157 | |
2512 total
» units
» upgrades
| Spiked Barricades | 1 | |
| Liquid Fire | 1 | |
| Ensnare | 1 | |
| War Drums Damage Increase | 1 | |
| Ranged Weapons | 3 | |
| Reinforced Defenses | 1 | |
| Envenomed Spears | 1 | |
| Armor | 2 | |
11 total
» buildings
| Altar of Storms | 1 | |
| Orc Burrow | 4 | |
| War Mill | 1 | |
| Watch Tower | 73 | |
| Voodoo Lounge | 3 | |
| Stronghold | 1 | |
| Fortress | 1 | |
| Beastiary | 2 | |
| Spirit Lodge | 1 | |
87 total
» build order
00:07 Altar of Storms
00:10 Orc Burrow
00:23 War Mill
01:36 Watch Tower
01:52 Watch Tower
02:05 Voodoo Lounge
02:20 Orc Burrow
02:32 Watch Tower
02:41 Watch Tower
03:01 Watch Tower
03:46 Voodoo Lounge
03:48 Watch Tower
04:12 Watch Tower
04:47 Watch Tower
04:49 Stronghold
05:06 Watch Tower
05:08 Watch Tower
05:52 Watch Tower
06:12 Watch Tower
06:13 Watch Tower
06:38 Watch Tower
07:01 Watch Tower
07:14 Fortress
07:15 Beastiary
07:16 Beastiary
07:27 Watch Tower
07:29 Watch Tower
08:17 Watch Tower
08:18 Watch Tower
08:28 Watch Tower
08:32 Watch Tower
08:42 Watch Tower
08:52 Watch Tower
08:53 Watch Tower
08:54 Voodoo Lounge
09:23 Orc Burrow
09:23 Orc Burrow
10:02 Watch Tower
10:03 Watch Tower
10:05 Watch Tower
10:07 Watch Tower
10:08 Watch Tower
10:16 Watch Tower
10:19 Watch Tower
10:29 Watch Tower
11:35 Watch Tower
11:35 Watch Tower
11:44 Watch Tower
11:45 Watch Tower
11:55 Watch Tower
11:57 Watch Tower
12:48 Watch Tower
12:52 Watch Tower
12:53 Watch Tower
12:54 Watch Tower
14:37 Watch Tower
14:37 Watch Tower
14:38 Watch Tower
15:40 Spirit Lodge
16:43 Watch Tower
16:50 Watch Tower
16:50 Watch Tower
16:51 Watch Tower
17:38 Watch Tower
18:07 Watch Tower
18:07 Watch Tower
18:15 Watch Tower
18:59 Watch Tower
19:05 Watch Tower
19:06 Watch Tower
19:06 Watch Tower
19:07 Watch Tower
19:22 Watch Tower
19:23 Watch Tower
19:23 Watch Tower
20:16 Watch Tower
20:39 Watch Tower
20:40 Watch Tower
20:40 Watch Tower
20:50 Watch Tower
21:10 Watch Tower
21:10 Watch Tower
21:11 Watch Tower
21:21 Watch Tower
» items
| Lesser Clarity Potion | 7 | |
| Healing Salve | 3 | |
| Orb of Lightning | 1 | |
11 total
Chat log
(00:30 / All) AlasPoorHoratio: ~*~ Fight With Honor And Have Excellent Manner ~*~
(00:52 / All) goregasmic: really 3s havechanged alot :o glhf
(00:57 / All) BEAR_AND: hehe
(00:58 / All) WolframandHart: ~*~ you too ~*~
(00:59 / All) TIMG4STRok: :o
(01:00 / All) BEAR_AND: not too much . . .
(01:11 / All) TIMG4STRok: some things u may find have never change'd
(01:17 / All) All-X: strength and honor
(02:34 / All) WolframandHart: gore's mom has strength, honor, and then some!
(02:39 / All) BEAR_AND: rude
(02:53 / All) WolframandHart: awww
(05:54 / All) BEAR_AND: sweet blocks tealgrunt
(17:25 / All) BEAR_AND: lol
(17:40 / All) goregasmic: what a funny game this is
(17:44 / All) goregasmic: gg
(17:51 / All) BEAR_AND: lol
(18:04 / All) BEAR_AND: bow to me
(20:23 / All) BEAR_AND: do u know who i am
(21:08 / All) BEAR_AND: pussy
(21:13 / All) AlasPoorHoratio: gg noobs
(21:23 / All) BEAR_AND: little cunt babies
(23:13 / All) BEAR_AND: lol
(23:14 / All) BEAR_AND: really
(23:18 / All) BEAR_AND: do you think you can win
(23:30 / All) BEAR_AND: LOL
(23:33 / All) BEAR_AND: YOUR SIEGE